 Dungeon Crawl Stone Soup version 0.25-a0-663-gace7076f2c (webtiles) character file.

Game seed: 5856219516358748552, levelgen mode: deterministic

3859 erloom the Grappler (level 10, -38/84 HPs)
             Began as a Ghoul Monk on Mar 25, 2020.
             Killed from afar by a fire dragon (39 damage)
             ... with a blast of flame
             ... on level 8 of the Dungeon.
             The game lasted 00:19:05 (5999 turns).

erloom the Grappler (Ghoul Monk)                    Turns: 5999, Time: 00:19:05

Health: -38/84     AC: 17    Str: 16    XL:     10   Next: 18%
Magic:  11/11      EV:  5    Int:  8    God:
Gold:   419        SH:  4    Dex: 11    Spells: 9/9 levels left

rFire    . . .     SeeInvis .     - Unarmed
rCold    + . .     Gourm    .   w - +0 buckler
rNeg     + + +     Faith    .   i - +0 plate armour
rPois    ∞         Spirit   .   r - +2 helmet
rElec    .         Reflect  .   x - +1 cloak {+Inv}
rCorr    .         Harm     .   (no gloves)
MR       .....                  (no boots)
Stlth    ..........             (no amulet)
HPRegen  0.00/turn              (no ring)
MPRegen  0.12/turn              (no ring)

@: about to teleport, very slightly contaminated, rotting, invisible
A: rotting body, claws 1, carnivore, cold resistance 1, negative energy
resistance 3, inhibited regeneration, torment resistance, unbreathing
a: no special abilities


You were on level 8 of the Dungeon.
You were not hungry.

You visited 2 branches of the dungeon, and saw 9 of its levels.
You also visited: Bailey.

You collected 529 gold pieces.
You spent 110 gold pieces at shops.

Inventory:

Hand Weapons
 a - a +0 hunting sling
Missiles
 c - 33 poisoned darts (quivered)
 e - 2 javelins
 m - 132 stones
 o - 120 sling bullets
Armour
 i - a +0 plate armour (worn)
 r - a +2 helmet (worn)
 w - a +0 buckler (worn)
 x - a +1 cloak of invisibility (worn)
 G - the +2 leather armour of Evurgh {Dex+7}
   (You found it in a bailey)

   It affects your dexterity (+7).
Wands
 h - a wand of scattershot (2)
 l - a wand of acid (14)
 E - a wand of polymorph (13)
 F - a wand of paralysis (8)
Scrolls
 g - 6 scrolls of remove curse
 j - 2 scrolls of enchant weapon
 n - a scroll of magic mapping
 v - a scroll of immolation {unknown}
 y - a scroll of fear {unknown}
 z - 2 scrolls of identify
 A - a scroll of brand weapon {unknown}
 B - a scroll of vulnerability {unknown}
 D - a scroll of amnesia {unknown}
Potions
 d - 3 potions of cancellation
 k - a potion of ambrosia
 p - 2 potions of stabbing {unknown}
 q - a potion of lignification
 s - 5 potions of curing {unknown}
 u - a potion of magic {unknown}
Comestibles
 b - 19 rations
 I - 7 chunks of flesh


   Skills:
 + Level 6.7 Fighting
 + Level 4.7 Armour
 - Level 2.6 Dodging
 - Level 2.1 Stealth
 - Level 4.0 Shields
 + Level 11.6 Unarmed Combat
 + Level 3.8 Evocations


You had 9 spell levels left.
You didn't know any spells.
Your spell library was empty.

Dungeon Overview and Level Annotations

Branches:
Dungeon (8/15)             Temple (1/1) D:4            Lair (0/6) D:8
 Bailey (visited)

Altars:
Ashenzari
Cheibriados
Dithmenos
Elyvilon
Fedhas
Hepliaklqana
Kikubaaqudgha
Nemelex Xobeh
Okawaru
Qazlal
Ru
Trog
Uskayaw
Vehumet
Wu Jian
Yredelemnul
Zin
The Shining One
Beogh

Shops:
D:6 ?

Annotations:
D:7 3 runed translucent doors, Jessica; liluieth's ghost, novice DECj


Innate Abilities, Weirdness & Mutations

Your body is rotting away.
You thrive on raw meat.
You are immune to poison.
You have sharp fingernails.
You are carnivorous and can eat meat at any time.
Your flesh is cold resistant. (rC+)
You are immune to negative energy. (rN+++)
You do not regenerate when monsters are visible.
You are immune to unholy pain and torment.
You can survive without breathing.


Message History

The fire dragon tramples you but does no damage.
You catch the helpless fire dragon completely off-guard!
You claw the fire dragon!
The fire dragon is lightly wounded.
The orc priest begins to cast a cantrip, but forgets the words!
The fire dragon bites you but does no damage.
The fire dragon claws you.
The fire dragon tramples you but does no damage.
Unknown command.
Okay, then.
As you read the scroll of teleportation, it crumbles to dust.
You feel strangely unstable. The fire dragon breathes flames at you.
The blast of flame hits you!!
* * * LOW HITPOINT WARNING * * *
Unknown command.
Okay, then.
The fire dragon breathes flames at you. The blast of flame hits you!!!
You die...

.....##.#.# *,****,#.#.....^.#*
........#.# *,,,,,,#.#######.#*
.....#..#.# #########.# **,**
.....#..#.#
#.........#*****,,,,
.....#.÷).#
#.#########,,,,,,,,,
######+#..####.# *,**,,,,,,
#..........#.# *,*,,,≈≈≈≈
#..........#.#########.#..≈,≈≈≈
#......>...#..@.Do)oo.....≈≈,≈≈
#..........############...≈≈≈>≈
############ *,,,,,,,,≈≈≈≈
*,****,,,≈≈≈≈ *,* *,,,,,≈,≈
*,***,,,,,,,, *,,,,,,******
******,* *,,,,,*


You could see a fire dragon, an orc priest and 2 orcs.

Vanquished Creatures
  A manticore (D:8)
  A gargoyle (D:8)
  A hippogriff (D:7)
  Grinder (D:3)
  Sigmund (D:4)
  Edmund (D:6)
  A water moccasin (D:5)
  Duvessa (D:4)
  3 orc warriors (Bailey)
  An ice beast (D:7)
  2 sky beasts
  2 ogres
  A centaur (D:7)
  4 bullfrogs
  Dowan (D:4)
  A scorpion (D:8)
  4 wights (D:8)
  A howler monkey (D:4)
  2 crimson imps
  A quasit (D:6)
  2 jellies (D:8)
  Crazy Yiuf (D:5)
  4 hounds
  3 orc wizards
  2 bullfrog skeletons
  Natasha (thrice) (D:4)
  An iguana (D:4)
  5 worker ants
  A killer bee zombie (D:6)
  7 adders
  6 gnolls
  An adder skeleton (D:6)
  3 worms
  2 dart slugs
  7 leopard geckos
  13 orcs
  4 ball pythons
  5 giant cockroaches
  2 gnoll zombies (D:7)
  9 goblins
  14 hobgoblins
  2 jackals (D:6)
  2 quokkas
  9 bats
  7 frilled lizards
  3 kobolds
  8 rats
157 creatures vanquished.

Vanquished Creatures (others)
  An orc (D:8)
1 creature vanquished.

Grand Total: 158 creatures vanquished

Notes
Turn   | Place    | Note
-------+----------+-------------------------------------------
     0 | D:1      | erloom the Ghoul Monk began the quest for the Orb.
     0 | D:1      | Reached XP level 1. HP: 19/19 MP: 0/0
   247 | D:1      | Reached XP level 2. HP: 26/26 MP: 1/1
   251 | D:1      | Reached skill level 4 in Unarmed Combat
   457 | D:1      | Reached XP level 3. HP: 22/31 MP: 2/2
   857 | D:2      | Reached skill level 5 in Unarmed Combat
  1034 | D:2      | Reached XP level 4. HP: 31/38 MP: 3/3
  1196 | D:2      | Found a sacrificial altar of Ru.
  1209 | D:2      | Reached skill level 6 in Unarmed Combat
  1367 | D:3      | Reached XP level 5. HP: 32/45 MP: 4/4
  1487 | D:3      | Found a radiant altar of Vehumet.
  1804 | D:3      | Found an iron altar of Okawaru.
  2070 | D:3      | Found a hazy altar of Hepliaklqana.
  2247 | D:3      | Noticed Grinder
  2251 | D:3      | Killed Grinder
  2251 | D:3      | Reached skill level 8 in Unarmed Combat
  2251 | D:3      | Reached XP level 6. HP: 51/51 MP: 5/5
  2339 | D:3      | Found an ornate altar of the Wu Jian Council.
  2467 | D:4      | Noticed Natasha
  2468 | D:4      | Killed Natasha
  2479 | D:4      | Found a staircase to the Ecumenical Temple.
  2490 | D:4      | Noticed Dowan
  2491 | D:4      | Noticed Duvessa
  2505 | D:4      | Killed Duvessa
  2505 | D:4      | Reached XP level 7. HP: 53/57 MP: 6/6
  2510 | D:4      | Killed Dowan
  2512 | D:4      | Reached skill level 9 in Unarmed Combat
  2725 | D:4      | Noticed Sigmund
  2729 | D:4      | Killed Sigmund
  2729 | D:4      | Reached skill level 1 in Armour
  2729 | D:4      | Reached skill level 1 in Evocations
  2918 | D:4      | Reached XP level 8. HP: 62/63 MP: 8/8
  2969 | D:4      | Found a shadowy altar of Dithmenos.
  2977 | D:4      | Noticed Natasha
  2992 | D:4      | Killed Natasha
  3029 | D:4      | Reached skill level 1 in Shields
  3243 | D:5      | Entered Level 5 of the Dungeon
  3398 | D:4      | Noticed Natasha
  3408 | D:4      | Killed Natasha
  3442 | D:5      | Reached skill level 10 in Unarmed Combat
  3482 | D:5      | Found a blossoming altar of Fedhas.
  3499 | Temple   | Entered the Ecumenical Temple
  3832 | D:5      | Found a runed translucent door.
  3833 | D:5      | Noticed Crazy Yiuf
  3840 | D:5      | Killed Crazy Yiuf
  4162 | D:6      | Found Ogokk's Magic Scroll Shoppe.
  4177 | D:6      | Bought a scroll of identify for 22 gold pieces
  4177 | D:6      | Bought a scroll of teleportation for 33 gold pieces
  4177 | D:6      | Bought a scroll of remove curse for 33 gold pieces
  4177 | D:6      | Bought a scroll of identify for 22 gold pieces
  4224 | D:6      | Noticed Edmund
  4243 | D:6      | Killed Edmund
  4243 | D:6      | Reached XP level 9. HP: 71/71 MP: 9/9
  4476 | D:6      | Found a glowing golden altar of the Shining One.
  4728 | D:7      | Reached skill level 5 in Fighting
  4792 | D:7      | Noticed Jessica
  4843 | D:7      | Reached skill level 11 in Unarmed Combat
  4908 | D:7      | Found a runed translucent gate.
  4909 | D:7      | Found a runed translucent gate.
  4910 | D:7      | Found a runed translucent gate.
  4910 | D:7      | Found a roughly hewn altar of Beogh.
  4911 | D:7      | Noticed liluieth's ghost (novice DECj)
  5045 | D:7      | Found a basalt altar of Yredelemnul.
  5182 | D:8      | Found a flagged portal.
  5194 | Bailey   | Entered a bailey
  5521 | Bailey   | Found an iron altar of Okawaru.
  5547 | Bailey   | Got an emerald-encrusted leather armour
  5572 | Bailey   | Identified the +2 leather armour of Evurgh {Dex+7} (You
                  | found it in a bailey)
  5649 | D:8      | Noticed a manticore
  5668 | D:8      | Killed a manticore
  5668 | D:8      | Reached XP level 10. HP: 28/83 MP: 11/11
  5837 | D:8      | Noticed a gargoyle
  5844 | D:8      | Killed a gargoyle
  5985 | D:8      | Noticed a fire dragon
  5997 | D:8      | HP: 1/84 [fire dragon/blast of flame (30)]
  5999 | D:8      | Killed from afar by a fire dragon

Levels and vault maps discovered:
D:1:      nicolae_arrival_memento_mori, layout_loops_ring, minmay_pentomino_s2
D:2:      layout_rooms, nicolae_ru_great_annihilating_truth
D:3:      layout_basic, lemuel_round_altar, nicolae_overflow_hidden_temple,
          vehumet_crystals, okawaru_trees_2, serial_bayou, serial_bayou_shore_b,
          serial_bayou_pond_c, serial_bayou_pond_a, serial_bayou_pond_b,
          serial_bayou_ford_a, serial_bayou_shore_b, minivault_5, uniq_grinder
D:4:      layout_rooms, nicolae_dithmenos_through_a_glass_darkly,
          minmay_temple_entry_from_below_b, first_ration, minivault_24,
          uniq_natasha, uniq_duvessa, uniq_sigmund
D:5:      layout_cave_pools, lemuel_crystal_altar, uniq_crazy_yiuf_cottage
D:6:      layout_rooms, tso_oasis_becter, serial_shops, shop, uniq_edmund
D:7:      layout_rooms, lemuel_zombie_altar_yredelemnul, tgw_sif,
          biasface_ghost_orc_armoury
D:8:      layout_basic, minmay_lair_entry_lava, enter_bailey_3, david_nohive_1,
          nicolae_gozag_cash_rules_everything_around_me
Temple:   dpeg_chambers_temple

Skill      XL: |  1  2  3  4  5  6  7  8  9 |
---------------+----------------------------+-----
Unarmed Combat | 4 5 6 8 9 10 11 | 11.6
Armour         | 1 2 4 |  4.7
Evocations     | 1 2 3 |  3.8
Shields        | 3 4 |  4.0
Fighting       | 4 6 |  6.7
Dodging        | |  2.6
Stealth        | |  2.1

Action                   |  1- 3 |  4- 6 |  7- 9 | 10-12 || total
-------------------------+-------+-------+-------+-------++-------
Melee: Unarmed           |   101 |   149 |   301 |    53 ||   604
       Punch             |     2 |     1 |       |       ||     3
Throw: Javelin           |     1 |       |       |       ||     1
       Dart              |       |       |     3 |       ||     3
Evoke: Wand              |       |     3 |    10 |     3 ||    16
  Use: Scroll            |       |       |     9 |     1 ||    10
       Potion            |       |       |     2 |     1 ||     3
 Stab: Sleeping          |     1 |       |       |       ||     1
       Paralysed         |       |     1 |       |       ||     1
       Invisible         |       |       |     1 |     1 ||     2
  Eat: Chunk             |    14 |     9 |    26 |    14 ||    63
Armor: Robe              |    12 |       |       |       ||    12
       Plate armour      |    22 |   100 |   158 |    24 ||   304
Dodge: Dodged            |    50 |    31 |    62 |     5 ||   148
Block: Buckler           |       |       |    48 |     5 ||    53

Table legend:
 A = Non-vault XP
 B = Vault XP
 C = Vault XP percentage of total XP
 D = Non-vault monster count
 E = Vault monster count
 F = Vault count percentage of total count
                 A         B        C        D         E       F
            +---------+---------+-------+---------+---------+-------
      Total |    4072 |    1442 |  26.2 |     129 |      28 |  17.8
            +---------+---------+-------+---------+---------+-------
        D:1 |      55 |       5 |   8.3 |      25 |       2 |   7.4
        D:2 |      52 |      47 |  47.5 |      18 |       4 |  18.2
        D:3 |      73 |     277 |  79.1 |      18 |       4 |  18.2
        D:4 |     403 |     474 |  54.0 |      16 |       4 |  20.0
        D:5 |     478 |      42 |   8.1 |       7 |       1 |  12.5
        D:6 |     392 |     169 |  30.1 |      11 |       1 |   8.3
        D:7 |    1013 |       4 |   0.4 |      14 |       2 |  12.5
        D:8 |    1606 |       8 |   0.5 |      20 |       4 |  16.7
     Bailey |       0 |     416 | 100.0 |       0 |       6 | 100.0
            +---------+---------+-------+---------+---------+-------
